 Dungeon Crawl Stone Soup version 0.29-a0-982-gaed3a0c8d8 (webtiles) character file.

Game seed: 4823257586720817867

497 Zonian the Chiller (level 6, 0/41 HPs)
             Began as a Demonspawn Ice Elementalist on Aug 2, 2022.
             Slain by Pikel
             ... wielding a +2 whip of flaming
              (2 damage)
             ... on level 4 of the Dungeon.
             The game lasted 00:12:08 (4527 turns).

Zonian the Chiller (Demonspawn Ice Elementalist)    Turns: 4527, Time: 00:12:09

Health: 0/41       AC:  8    Str:  8    XL:     6   Next: 93%
Magic:  7/11       EV: 13    Int: 21    God:
Gold:   69         SH:  0    Dex: 14    Spells: 5/12 levels left

rFire   . . .      SeeInvis .   e - +0 shortbow
rCold   . . .      Faith    .   (shield currently unavailable)
rNeg    . . .      Spirit   .   a - +0 robe
rPois   .          Reflect  .   b - +2 helmet {Int+3}
rElec   .          Harm     .   (no cloak)
rCorr   .          Rampage  .   (no gloves)
Will    .....                   t - +0 pair of boots
Stlth   +++.......              (no amulet)
HPRegen 0.13/turn               (no ring)
MPRegen 0.24/turn               (no ring)

@: freezing walls
A: molten scales 1, magic regeneration
a: no special abilities


You were on level 4 of the Dungeon.
You visited 2 branches of the dungeon, and saw 5 of its levels.

You collected 147 gold pieces.
You spent 78 gold pieces at shops.

Inventory:

Hand Weapons
 e - a +0 shortbow (weapon)
 h - a +0 dagger
 m - a +0 war axe
 o - a +2 lajatang of electrocution
 s - a +0 dagger of pain
 w - a +0 sling
Missiles
 c - 11 poisoned darts
Armour
 a - a +0 robe (worn)
 b - a +2 helmet of intelligence (worn)
 t - a +0 pair of boots (worn)
Scrolls
 d - a scroll of teleportation
 r - a scroll of amnesia
 u - a scroll of magic mapping
Potions
 f - a potion of ambrosia
 g - 4 potions of might
 i - a potion of heal wounds {unknown}
 l - a potion of brilliance
 p - a potion of flight {unknown}
 v - a potion of cancellation {unknown}


   Skills:
 + Level 3.6 Dodging
 + Level 3.9 Stealth
 + Level 3.8 Spellcasting
 + Level 4.9 Ice Magic


You had 5 spell levels left.
You knew the following spells:

 Your Spells              Type           Power      Damage    Failure   Level
a - Freeze                Ice            96%        1d11      1%          1
b - Frozen Ramparts       Ice            48%        1d12      4%          3
c - Ozocubu's Armour      Ice            24%        N/A       4%          3

Your spell library contained the following spells:

 Spells                   Type           Power      Damage    Failure   Level
 Conjure Flame            Conj/Fire      4%         6-21      36%         3
 Ignite Poison            Fire/Tmut/Pois 4%         N/A       36%         3
 Inner Flame              Hex/Fire       4%         N/A       36%         3
 Hailstorm                Conj/Ice       14%        3d5       41%         4
 Cause Fear               Hex            2%         N/A       77%         4
 Sticky Flame             Conj/Fire      4%         2d3       77%         4
 Discord                  Hex            2%         N/A       100%        8


Dungeon Overview and Level Annotations

Branches:
Dungeon (4/15)             Temple (1/1) D:4

Altars:
Cheibriados
Dithmenos
Fedhas
Kikubaaqudgha
Makhleb
Nemelex Xobeh
Qazlal
Ru
Trog
Uskayaw
Xom

Shops:
D:2 **

Annotations:
D:4 Pikel


Innate Abilities, Weirdness & Mutations

You are partially covered in molten scales. (AC +2)
You regenerate magic rapidly.


Message History

You freeze Pikel!
Pikel is heavily wounded.
Pikel hits you with a +2 whip of flaming.
Pikel burns you.
Casting: Freeze (safe; 1% risk of failure)
Confirm with . or Enter, or press ? or * to list all spells.
Aiming: Freeze (safe; 1% risk of failure)
Press: ? - help, Shift-Dir - straight line, f/p - Pikel
Aim: Pikel, wielding a +2 whip of flaming, wearing a +0 robe and carrying a wand of roots (3) (heavily wounded)
You freeze Pikel.
Pikel is heavily wounded.
Pikel zaps a wand.
The roots erupt in riotous growth!
The grasping roots grab you!
Pikel is unaffected.
The grasping roots constrict you.
You hear a shout!
Really attack while wielding your +0 shortbow? [Y]es or [N]o only, please.
Really attack while wielding your +0 shortbow?
Okay, then.
Fire: e) +0 shortbow
Press: ? - help, Q - select action, (/) - cycle Shift-Dir - straight line, f/p - Pikel
Aim: Pikel, wielding a +2 whip of flaming, wearing a +0 robe and carrying a wand of roots (2) (heavily wounded, 50% to hit)
You shoot an arrow. The arrow closely misses Pikel.
The arrow barely misses the lemure.
The arrow hits the lemure.
The lemure is lightly wounded.
Pikel hits you but does no damage. The grasping roots constrict you.
* * * LOW HITPOINT WARNING * * *
The grasping roots release their grip on you.
Okay, then.
Casting: Freeze (safe; 1% risk of failure)
Confirm with . or Enter, or press ? or * to list all spells.
Casting: Frozen Ramparts (dangerous; 4% risk of failure)
Press: ? - help, Dir - look around, f - activate The walls around you are covered in ice.
The wall freezes the lemure!
The wall freezes Pikel.
Pikel hits you with a +2 whip of flaming.
* * * LOW HITPOINT WARNING * * *
Pikel burns you.
You die...

..........#.....# ..5
#.##...###### ...##.##.#..#
.5.#..#.##.##### #......#.......
#.............. #.............
####################........)####
)....)..........@K55.........#
#######.############.........#
#># #.........# ### #.........#
###########


You could see Pikel and 2 lemures.

Vanquished Creatures
  An orc warrior (D:4)
  A black bear (D:4)
  A bullfrog (D:3)
  A jelly (D:4)
  A hound (D:3)
  An orc priest (D:4)
  2 orc wizards
  5 adders
  2 worms (D:2)
  3 endoplasms
  2 giant cockroaches
  10 goblins
  4 hobgoblins (D:1)
  4 quokkas
  3 ball pythons
  5 bats
  2 frilled lizards
  6 kobolds
  4 rats
58 creatures vanquished.

Notes
Turn   | Place    | Note
-------+----------+-------------------------------------------
     0 | D:1      | Zonian the Demonspawn Ice Elementalist began the quest for
                  | the Orb.
     0 | D:1      | Reached XP level 1. HP: 13/13 MP: 3/3
   405 | D:1      | Gained mutation: You regenerate magic rapidly. [demonic
                  | ancestry]
   405 | D:1      | Reached XP level 2. HP: 10/19 MP: 3/5
   779 | D:1      | Found a faded altar of an unknown god.
  1537 | D:2      | Gained mutation: You are partially covered in molten
                  | scales. (AC +2) [demonic ancestry]
  1537 | D:2      | Reached XP level 3. HP: 24/24 MP: 6/6
  1610 | D:2      | Found Odililet's Assorted Antiques.
  1619 | D:2      | Bought a scroll labelled QUYGEU TENOBY for 20 gold pieces
  1619 | D:2      | Bought a scroll labelled IMPEN METUA for 20 gold pieces
  1619 | D:2      | Bought a pink potion for 18 gold pieces
  1676 | D:2      | Bought a scroll labelled SINUECLYT for 20 gold pieces
  1676 | D:2      | Acquired a +2 lajatang of electrocution
  1767 | D:2      | Found Cihor's General Store.
  1848 | D:2      | Reached skill level 4 in Ice Magic
  2310 | D:3      | Reached XP level 4. HP: 30/30 MP: 7/7
  2321 | D:3      | Learned a level 3 spell: Frozen Ramparts
  2325 | D:3      | Learned a level 3 spell: Ozocubu's Armour
  2382 | D:3      | Found a stormy altar of Qazlal.
  2960 | D:4      | Noticed Pikel
  2960 | D:4      | Noticed a lemure
  2960 | D:4      | Noticed a lemure
  2960 | D:4      | Noticed a lemure
  2960 | D:4      | Noticed a lemure
  3144 | D:4      | Noticed a bullfrog
  3151 | D:4      | Reached XP level 5. HP: 27/35 MP: 5/9
  3153 | D:4      | Noticed an orc warrior
  3623 | D:4      | Reached XP level 6. HP: 41/41 MP: 9/11
  3647 | D:4      | Found a staircase to the Ecumenical Temple.
  3656 | Temple   | Entered the Ecumenical Temple
  4383 | D:4      | Killed an orc warrior
  4527 | D:4      | HP: 2/41 [Pikel/+2 whip of flaming (6)]
  4527 | D:4      | Slain by Pikel

Illustrated notes

Levels and vault maps discovered:
D:1:      saegor_arrival_simple_d, layout_loops_ring,
          shapermc_ecumenical_altar_mp_vishouse, dreamdust_mushroom_princess
D:2:      layout_basic, serial_shops, nicolae_shop_advertising_works
          [nicolae_subvault_shop_adworks], shop, chequers_decorated_corner,
          serial_bayou_pond_a
D:3:      layout_rooms, nicolae_qazlal_eye_of_the_storm
D:4:      layout_rooms, nicolae_yredelemnul_corpse_copse,
          minmay_temple_entry_proselytizer, uniq_pikel
Temple:   oiseaux_autumnal_temple

Skill      XL: |  1  2  3  4  5 |
---------------+----------------+-----
Dodging        | 2 3 |  3.6
Stealth        | 2 3 |  3.9
Ice Magic      | 4 |  4.9
Spellcasting   | 3 |  3.8

Action                   |  1- 3 |  4- 6 || total
-------------------------+-------+-------++-------
Melee: Unarmed           |     6 |       ||     6
       Lajatang          |       |     7 ||     7
       Dagger            |       |     3 ||     3
 Fire: Shortbow          |    92 |    69 ||   161
 Cast: Freeze            |    19 |    30 ||    49
       Frozen Ramparts   |       |     1 ||     1
  Use: Scroll            |    11 |     4 ||    15
       Potion            |     1 |     3 ||     4
 Stab: Sleeping          |       |     1 ||     1
Armor: Robe              |    28 |    49 ||    77
Dodge: Dodged            |    58 |    56 ||   114

Table legend: (Time is in decaauts)
 A = Elapsed time spent in this place.
 B = Non-inter-level travel time spent in this place.
 C = Inter-level travel time spent in this place.
 D = Time resting spent in this place.
 E = Time spent auto-exploring this place.
 F = Levels seen in this place.
 G = Mean time per level.
                   A        B        C        D        E       F      G
               +--------+--------+--------+--------+--------+-----+--------+
         Total |   4637 |   4498 |    139 |   1955 |   1638 |   5 |  927.4 |
       Dungeon |   4083 |   3973 |    110 |   1786 |   1384 |   4 | 1020.8 |
        Temple |    553 |    524 |     29 |    169 |    254 |   1 |  553.0 |
               +--------+--------+--------+--------+--------+-----+--------+

Top non-repeatable levels by time:
     D:3: 1603 daAuts
     D:1: 1491 daAuts
  Temple: 553 daAuts
     D:2: 496 daAuts
     D:4: 492 daAuts
